[Event "Titled Tuesday Blitz August 08 Early 2023"]
[White "Djordjevic, Vuk"]
[Black "Stork, Oliver"]
[WhiteFideId "902098"]
[BlackFideId "12955728"]
[WhiteElo "2733"]
[BlackElo "2405"]
[Result "1-0"]
[Round "1"]
[TimeControl "180+1"]
[Date "2023.08.08"]
[WhiteClock "0:00:09"]
[BlackClock "0:00:05"]
[Board "114"]

1. d4 Nf6 2. Bg5 d5 3. Bxf6 exf6 4. e3 Bd6 5. c4 dxc4 6. Bxc4 O-O 7. Nc3 Nc6 8. Nf3 Bg4 9. O-O Qd7 10. Ne4 Rae8 11. Nxd6 Qxd6 12. Rc1 f5 13. Bb5 Rd8 14. Be2 f4 15. Rc3 Rfe8 16. Bc4 Qg6 17. d5 Ne5 18. Be2 Nxf3+ 19. Bxf3 Bxf3 20. Qxf3 fxe3 21. fxe3 Rd7 22. Rfc1 Qd6 23. e4 h6 24. a3 Ree7 25. Rc4 Qe5 26. Qc3 Qf4 27. Rf1 Qe5 28. Qc2 f6 29. b4 Qd6 30. Rf3 Re5 31. Rfc3 Rde7 32. Rxc7 Rxc7 33. Rxc7 Qb6+ 34. Rc5 Qa6 35. a4 Rg5 36. h4 Rg3 37. Rc3 Rxc3 38. Qxc3 Qxa4 39. Qd4 Qc2 40. d6 Qc1+ 41. Kf2 Qf4+ 42. Ke2 Qg4+ 43. Kd3 Qd1+ 44. Kc4 Qxd4+ 45. Kxd4 Kf7 46. Kd5 Ke8 47. Ke6 a5 48. bxa5 Kd8 49. d7 g5 50. h5 g4 51. Kxf6 g3 52. e5 Kxd7 53. Kf7 Kc6 54. e6 Kb5 55. e7 Ka6 56. e8=Q Ka7 57. Qd8 Ka6 58. Qb6# 1-0


[Site "https://www.chess.com"]

[Event "Titled Tuesday Blitz August 08 Early 2023"]
[White "Balint, Vilmos"]
[Black "Timmermans, Mark"]
[WhiteFideId "718050"]
[BlackFideId "1026399"]
[WhiteElo "2405"]
[BlackElo "2731"]
[Result "0-1"]
[Round "1"]
[TimeControl "180+1"]
[Date "2023.08.08"]
[WhiteClock "0:02:12"]
[BlackClock "0:01:10"]
[Board "115"]

1. d4 Nf6 2. c4 e6 3. Nc3 Bb4 4. e3 Ne4 5. Bd2 Nxd2 6. Qxd2 f5 7. a3 Bxc3 8. Qxc3 O-O 9. Nf3 b6 10. Be2 Bb7 11. O-O d6 12. Rfd1 Nd7 13. Rac1 Nf6 14. c5 Ne4 15. Qb3 Bd5 16. Bc4 dxc5 17. Bxd5 exd5 18. dxc5 Nxc5 19. Qxd5+ Qxd5 20. Rxd5 a5 21. g3 a4 22. Nd4 g6 23. Nb5 Rf7 24. Rcd1 Re8 25. Rd8 Kf8 26. Nc3 Ke7 27. Rxe8+ Kxe8 28. Kg2 Rd7 29. Rxd7 Kxd7 30. Kf3 c6 31. Kf4 Nd3+ 32. Kg5 Nxb2 33. Kh6 Ke6 34. Kxh7 Kf7 35. e4 fxe4 36. Nxe4 b5 37. g4 Nc4 38. g5 Nxa3 39. h4 Nc4 40. h5 Ne5 41. Nd6+ Ke6 42. hxg6 Nxg6 43. Kxg6 a3 44. Ne4 a2 45. Nc5+ Kd5 46. Nb3 Kc4 47. Kh7 Kxb3 48. g6 a1=Q 49. g7 Qh1+ 50. Kg6 Qg2+ 51. Kh7 Qh3+ 52. Kg6 Qg4+ 53. Kh6 c5 54. f3 Qh4+ 55. Kg6 c4 56. g8=Q Qg3+ 57. Kh7 Qxg8+ 58. Kxg8 c3 59. f4 c2 60. f5 c1=Q 61. f6 Qc4+ 62. f7 Qxf7+ 0-1


[Site "https://www.chess.com"]

[Event "Titled Tuesday Blitz August 08 Early 2023"]
[White "Fiorito, Joaquin"]
[Black "Psychonerd5"]
[WhiteFideId "180173"]
[WhiteElo "2730"]
[BlackElo "2403"]
[Result "1-0"]
[Round "1"]
[TimeControl "180+1"]
[Date "2023.08.08"]
[WhiteClock "0:02:26"]
[BlackClock "0:00:00"]
[Board "116"]

1. d4 Nf6 2. c4 e6 3. Nc3 Bb4 4. e3 O-O 5. Bd2 d5 6. Nf3 c5 7. a3 Bxc3 8. Bxc3 Ne4 9. Rc1 Nc6 10. dxc5 Nxc5 11. b4 Ne4 12. Bb2 Ne7 13. Bd3 b6 14. O-O Bb7 15. Qe2 Rc8 16. Rfd1 Qe8 17. Nd4 e5 18. Nb5 dxc4 19. Bxe4 Bxe4 20. Nd6 Qc6 21. Rxc4 Qa8 22. Nxe4 Rxc4 23. Qxc4 Rc8 24. Qd3 h6 25. Bxe5 Ng6 26. Bd4 Qc6 27. h3 a5 28. bxa5 bxa5 29. Rb1 Qa4 30. Nc5 Qc6 31. Qa6 Qe8 32. Qxa5 Ne7 33. Qb5 Nc6 34. a4 Kh7 35. a5 g6 36. a6 Nxd4 37. exd4 Qe2 38. Qxe2 Ra8 39. Rb7 1-0


[Site "https://www.chess.com"]

[Event "Titled Tuesday Blitz August 08 Early 2023"]
[White "Davidson, Kevin"]
[Black "Materia, Marco"]
[WhiteFideId "2056810"]
[BlackFideId "45150451"]
[WhiteElo "2402"]
[BlackElo "2730"]
[Result "0-1"]
[Round "1"]
[TimeControl "180+1"]
[Date "2023.08.08"]
[WhiteClock "0:00:02"]
[BlackClock "0:01:44"]
[Board "117"]

1. e4 c5 2. Nf3 e6 3. d4 cxd4 4. Nxd4 Nc6 5. Nc3 Qc7 6. g3 a6 7. Bg2 Nf6 8. O-O Nxd4 9. Qxd4 Bc5 10. Bf4 d6 11. Qd2 h6 12. Rad1 e5 13. Be3 O-O 14. Bxc5 dxc5 15. f4 Bg4 16. Qd6 Rac8 17. Qxc7 Rxc7 18. Rd6 Re8 19. f5 b5 20. h3 b4 21. Nd5 Nxd5 22. exd5 Be2 23. Re1 Bb5 24. f6 Rd7 25. Rb6 gxf6 26. Rxf6 Kg7 27. Rb6 Bc4 28. d6 Re6 29. b3 Bb5 30. c4 bxc3 31. Rc1 e4 32. Rxc3 e3 33. Rc1 Rdxd6 34. Rxd6 Rxd6 35. Rxc5 Rd1+ 36. Kh2 e2 0-1


[Site "https://www.chess.com"]

[Event "Titled Tuesday Blitz August 08 Early 2023"]
[White "Jaferian, Koosha"]
[Black "Herman, Daniel"]
[WhiteFideId "12507440"]
[BlackFideId "30935008"]
[WhiteElo "2725"]
[BlackElo "2400"]
[Result "1-0"]
[Round "1"]
[TimeControl "180+1"]
[Date "2023.08.08"]
[WhiteClock "0:00:23"]
[BlackClock "0:00:04"]
[Board "118"]

1. c4 e5 2. Nc3 Nf6 3. g3 d5 4. cxd5 Nxd5 5. Bg2 Nb6 6. Nf3 Nc6 7. d3 Be7 8. O-O O-O 9. Be3 Be6 10. d4 exd4 11. Nxd4 Nxd4 12. Qxd4 c6 13. Qe4 Bf6 14. Rfd1 Qe7 15. Rac1 Rfe8 16. Bf4 Nd5 17. Nxd5 Bxd5 18. Qxe7 Rxe7 19. Bxd5 cxd5 20. Rc2 d4 21. Kg2 g5 22. Bd6 Re6 23. Ba3 Rae8 24. Kf1 g4 25. Rd3 h5 26. Rcd2 h4 27. gxh4 Kh7 28. Bc5 b6 29. Bxd4 Bxh4 30. Bc3 f5 31. h3 Kg6 32. hxg4 fxg4 33. Rd6 Bg5 34. Rxe6+ Rxe6 35. Rd3 Kf5 36. Rd5+ Kg6 37. Rd7 Re7 38. Rxe7 Bxe7 39. Kg2 Kf5 40. f3 b5 41. e4+ Kg5 42. Bd2+ Kh5 43. f4 Bh4 44. Bc3 Kg6 45. f5+ Kf7 46. e5 Bg5 47. Kg3 1-0


[Site "https://www.chess.com"]

[Event "Titled Tuesday Blitz August 08 Early 2023"]
[White "Jumanov, Elbek"]
[Black "Preotu, Razvan"]
[WhiteFideId "14202905"]
[BlackFideId "2613280"]
[WhiteElo "2399"]
[BlackElo "2723"]
[Result "1-0"]
[Round "1"]
[TimeControl "180+1"]
[Date "2023.08.08"]
[WhiteClock "0:01:01"]
[BlackClock "0:00:01"]
[Board "119"]

1. c4 c5 2. Nf3 Nf6 3. Nc3 d5 4. cxd5 Nxd5 5. g3 Nc6 6. Bg2 g6 7. O-O Bg7 8. d3 O-O 9. Bd2 Nc7 10. Rc1 b6 11. a3 a5 12. Qa4 Bd7 13. Qh4 Nd4 14. Nxd4 cxd4 15. Ne4 Ne6 16. Bh6 Rc8 17. Bxg7 Kxg7 18. Ng5 Nxg5 19. Qxg5 f6 20. Qd5 Bg4 21. Qb7 Qd6 22. h3 Bd7 23. Kh2 h5 24. h4 Bg4 25. Rfe1 Rxc1 26. Rxc1 Bxe2 27. Re1 Rb8 28. Qa7 Bg4 29. Rxe7+ Kf8 30. Rf7+ Ke8 31. Bc6+ 1-0


[Site "https://www.chess.com"]

[Event "Titled Tuesday Blitz August 08 Early 2023"]
[White "Suyarov, Mukhammadzokhid"]
[Black "Bueno, Alfeu Junior Varela"]
[WhiteFideId "14210495"]
[BlackFideId "2108879"]
[WhiteElo "2719"]
[BlackElo "2399"]
[Result "1-0"]
[Round "1"]
[TimeControl "180+1"]
[Date "2023.08.08"]
[WhiteClock "0:02:32"]
[BlackClock "0:00:04"]
[Board "120"]

1. d4 e6 2. Nc3 d5 3. Bf4 a6 4. e3 Bb4 5. Ne2 Nf6 6. g4 Ne4 7. Bg2 f5 8. gxf5 exf5 9. a3 Bxc3+ 10. Nxc3 Nxc3 11. bxc3 O-O 12. Rg1 Kh8 13. Be5 Nd7 14. Bxd5 Nxe5 15. dxe5 Qh4 16. Qd4 Qh5 17. e6 Rg8 18. e7 1-0


[Site "https://www.chess.com"]

[Event "Titled Tuesday Blitz August 08 Early 2023"]
[White "Llanos, Guillermo"]
[Black "Shyam, Sundar M."]
[WhiteFideId "100358"]
[BlackFideId "5019141"]
[WhiteElo "2397"]
[BlackElo "2718"]
[Result "0-1"]
[Round "1"]
[TimeControl "180+1"]
[Date "2023.08.08"]
[WhiteClock "0:00:13"]
[BlackClock "0:00:29"]
[Board "121"]

1. b3 d5 2. Bb2 Bg4 3. Nf3 Bxf3 4. exf3 Nd7 5. g3 c6 6. Bg2 Ngf6 7. O-O g6 8. f4 Bg7 9. d4 O-O 10. c4 a5 11. Nc3 e6 12. Qd3 Re8 13. Rfe1 h5 14. h3 Bf8 15. c5 h4 16. g4 Qc7 17. Qe3 Nh7 18. g5 b6 19. Na4 bxc5 20. dxc5 Bg7 21. Bxg7 Kxg7 22. Qd4+ Kg8 23. Re3 e5 24. fxe5 Rxe5 25. Rxe5 Qxe5 26. Qxe5 Nxe5 27. f4 Nd7 28. Re1 Kf8 29. Bf3 Re8 30. Rxe8+ Kxe8 31. Kf2 Nhf8 32. Bxd5 cxd5 33. c6 Ne6 34. cxd7+ Kxd7 35. Ke3 Kd6 36. a3 d4+ 37. Ke4 d3 38. b4 axb4 39. axb4 d2 40. Nb2 Kc6 41. Ke3 Kb5 42. Kxd2 Nxf4 43. Ke3 Nxh3 44. Nd3 Nxg5 45. Kf4 Ne6+ 46. Kg4 g5 47. Ne5 f6 48. Nf3 Kxb4 49. Kf5 h3 50. Kxe6 g4 51. Ne1 h2 52. Nd3+ Ka3 53. Nf2 g3 0-1


[Site "https://www.chess.com"]

[Event "Titled Tuesday Blitz August 08 Early 2023"]
[White "Khachiyan, Melikset"]
[Black "Semenenko, Dmytry"]
[WhiteFideId "13300512"]
[BlackFideId "14118645"]
[WhiteElo "2716"]
[BlackElo "2394"]
[Result "0-1"]
[Round "1"]
[TimeControl "180+1"]
[Date "2023.08.08"]
[WhiteClock "0:01:07"]
[BlackClock "0:01:23"]
[Board "122"]

1. e4 Nf6 2. e5 Nd5 3. d4 d6 4. Nf3 Bg4 5. Bc4 e6 6. h3 Bxf3 7. Qxf3 dxe5 8. dxe5 Nc6 9. Bb5 Nb4 10. Na3 Qd5 11. Qxd5 Nxd5 12. Bxc6+ bxc6 13. Nc4 Bb4+ 14. Ke2 Ke7 15. c3 Bc5 16. Be3 Nxe3 17. fxe3 a6 18. Rad1 Rhd8 19. e4 Rxd1 20. Rxd1 Rd8 21. Rxd8 Kxd8 22. Kd3 Kd7 23. b4 Bf2 24. a4 Bg3 25. Ke3 h5 26. Kd3 h4 27. a5 Bf4 28. Nb2 Bxe5 29. Na4 Bd6 30. Kd4 f6 31. Ke3 g5 32. Kd3 f5 33. e5 Bxe5 34. Nc5+ Kc8 35. Nxa6 Bd6 36. c4 Kb7 37. b5 g4 38. Ke2 cxb5 39. cxb5 c6 0-1


[Site "https://www.chess.com"]

[Event "Titled Tuesday Blitz August 08 Early 2023"]
[White "Chudnovsky, Jacob"]
[Black "Jaracz, Pawel"]
[WhiteFideId "2010046"]
[BlackFideId "1102222"]
[WhiteElo "2392"]
[BlackElo "2716"]
[Result "0-1"]
[Round "1"]
[TimeControl "180+1"]
[Date "2023.08.08"]
[WhiteClock "0:01:12"]
[BlackClock "0:00:41"]
[Board "123"]

1. e4 c5 2. Nf3 e6 3. c3 Nf6 4. Bd3 Nc6 5. Bc2 b6 6. O-O Bb7 7. a3 Be7 8. d4 cxd4 9. cxd4 d6 10. Nc3 O-O 11. Bg5 h6 12. Bh4 Nh5 13. Bxe7 Nxe7 14. Ne2 Rc8 15. Ng3 Nxg3 16. fxg3 Ba6 17. Bd3 Bxd3 18. Qxd3 Qd7 19. Rac1 Rc7 20. Rxc7 Qxc7 21. g4 Rc8 22. g5 Qc2 23. Qxc2 Rxc2 24. Rf2 Rc1+ 25. Rf1 Rc4 26. gxh6 gxh6 27. Rd1 d5 28. exd5 Nxd5 29. Kf2 f6 30. Rd2 h5 31. Ke2 Rc1 32. Kd3 Kf7 33. g3 Kg6 34. Re2 Kf7 35. Rc2 Rd1+ 36. Ke2 Rb1 37. Ne1 Kg6 38. Nd3 Kf5 39. Kf3 Rf1+ 40. Rf2 Rb1 41. h3 e5 42. dxe5 fxe5 43. Ke2+ Ke4 44. Kd2 Kd4 45. Kc2 Rg1 46. Rd2 Ne3+ 47. Kb3 Nc4 48. Rc2 Kxd3 49. Rxc4 e4 50. Rc3+ Kd4 51. Kb4 e3 52. Rc7 e2 0-1


[Site "https://www.chess.com"]

[Event "Titled Tuesday Blitz August 08 Early 2023"]
[White "Volkov, Maksim"]
[Black "Rosenberg, Evan S"]
[WhiteFideId "54123070"]
[BlackFideId "2019299"]
[WhiteElo "2715"]
[BlackElo "2390"]
[Result "1-0"]
[Round "1"]
[TimeControl "180+1"]
[Date "2023.08.08"]
[WhiteClock "0:01:38"]
[BlackClock "0:00:25"]
[Board "124"]

1. d4 d5 2. c4 e6 3. Nf3 c5 4. cxd5 exd5 5. g3 Nf6 6. Bg2 Nc6 7. O-O Be7 8. dxc5 Bxc5 9. a3 Ne4 10. b4 Be7 11. Bb2 Bf6 12. Nd4 O-O 13. Bxe4 dxe4 14. Nxc6 bxc6 15. Qxd8 Rxd8 16. Bxf6 gxf6 17. Nc3 f5 18. Rfd1 Ba6 19. Kf1 Kf8 20. Na4 Ke7 21. Nc5 Bb5 22. Ke1 h5 23. Rac1 Rxd1+ 24. Rxd1 Rd8 25. Rc1 h4 26. a4 1-0


[Site "https://www.chess.com"]

[Event "Titled Tuesday Blitz August 08 Early 2023"]
[White "Buscar, Michael"]
[Black "Yanchenko, Roman"]
[WhiteFideId "2603616"]
[BlackFideId "4137329"]
[WhiteElo "2388"]
[BlackElo "2715"]
[Result "0-1"]
[Round "1"]
[TimeControl "180+1"]
[Date "2023.08.08"]
[WhiteClock "0:00:46"]
[BlackClock "0:01:14"]
[Board "125"]

1. d4 d5 2. c4 c6 3. Nf3 Nf6 4. g3 Bf5 5. Bg2 e6 6. O-O Be7 7. b3 O-O 8. Ba3 Bxa3 9. Nxa3 Nbd7 10. Nc2 Ne4 11. Ne3 Nd6 12. Nxf5 Nxf5 13. Rc1 a6 14. Re1 Nd6 15. Ne5 Qe7 16. Nxd7 Qxd7 17. e4 dxe4 18. Bxe4 Nxe4 19. Rxe4 Rad8 20. Qe2 Qd6 21. Rd1 Rd7 22. Qh5 Rfd8 23. Rh4 h6 24. Rg4 Kf8 25. Rf4 e5 26. Re4 exd4 27. Rexd4 Qxd4 28. Rxd4 Rxd4 29. Qc5+ Kg8 30. Kg2 Rd2 31. Qb6 R8d7 32. a4 Re2 33. h4 h5 34. Kf3 Ree7 35. b4 g6 36. b5 cxb5 37. cxb5 axb5 38. Qxb5 Rd2 39. a5 Ra2 40. Qc5 Ree2 41. Qc8+ Kg7 42. Qc3+ Kh7 43. Qd4 Rxf2+ 44. Ke4 Rae2+ 45. Kd5 Rd2 0-1


[Site "https://www.chess.com"]

[Event "Titled Tuesday Blitz August 08 Early 2023"]
[White "Markov, Mikhail"]
[Black "Mika, Tomasz"]
[WhiteFideId "13800698"]
[BlackFideId "1132970"]
[WhiteElo "2712"]
[BlackElo "2387"]
[Result "0-1"]
[Round "1"]
[TimeControl "180+1"]
[Date "2023.08.08"]
[WhiteClock "0:00:24"]
[BlackClock "0:00:04"]
[Board "126"]

1. c4 e6 2. Nf3 d5 3. g3 d4 4. Bg2 Nc6 5. O-O Nf6 6. d3 Be7 7. e4 e5 8. h3 O-O 9. Nbd2 a5 10. Re1 a4 11. Nf1 a3 12. b3 Bb4 13. Bd2 Qe7 14. g4 h6 15. Ng3 Nh7 16. Nf5 Bxf5 17. gxf5 Ng5 18. Bxg5 hxg5 19. Rf1 Bc3 20. Rb1 Nb4 21. Qe2 Ra6 22. Nh2 Rh6 23. Ng4 Rh4 24. Rfd1 f6 25. Bf1 Kf7 26. Rdc1 Rfh8 27. f3 Qc5 28. Nf2 Bb2 29. Rxb2 axb2 30. Qxb2 Ra8 31. a3 Nc6 32. b4 Qa7 33. Ra1 Qa4 34. Be2 Ke7 35. Bd1 Qa7 36. c5 Nd8 37. Qb3 Rh8 38. Qd5 Qa6 39. Bb3 Qc6 40. Qc4 Qd7 41. Kg2 b6 42. Ng4 Ra7 43. a4 b5 44. Qc2 Nc6 45. Qd2 bxa4 46. Bxa4 Rha8 47. Bxc6 Qxc6 48. Rb1 Ra2 49. Rb2 Qa4 50. Kg3 Rxb2 51. Qxb2 Qa2 52. Qc1 Qb3 53. c6 Qc3 54. Qb1 Ra1 55. Qxa1 Qxa1 56. b5 Qb2 57. h4 Qxb5 58. hxg5 fxg5 59. Nf2 Qxc6 60. Nh3 Qf6 61. Kg4 c5 62. Nxg5 Qc6 63. Ne6 c4 64. dxc4 Qxc4 65. Nxg7 d3 66. Kg5 Qf7 67. f6+ Qxf6+ 68. Kh5 Qxg7 69. f4 d2 70. f5 Qg8 71. f6+ Kxf6 72. Kh6 Qg6# 0-1


[Site "https://www.chess.com"]

[Event "Titled Tuesday Blitz August 08 Early 2023"]
[White "Donskov, Anatoly"]
[Black "Grieve, Harry"]
[WhiteFideId "24143413"]
[BlackFideId "426520"]
[WhiteElo "2386"]
[BlackElo "2711"]
[Result "1-0"]
[Round "1"]
[TimeControl "180+1"]
[Date "2023.08.08"]
[WhiteClock "0:00:05"]
[BlackClock "0:00:03"]
[Board "127"]

1. e4 a6 2. d4 c6 3. Bd3 d5 4. Nc3 dxe4 5. Bxe4 Nf6 6. Bf3 Bf5 7. Nge2 e6 8. O-O Nbd7 9. Bf4 Be7 10. Ng3 Bg6 11. Re1 O-O 12. a3 Nd5 13. Bd2 Nxc3 14. Bxc3 Nf6 15. b3 a5 16. a4 Qc7 17. Bb2 Rfd8 18. Qe2 Nd5 19. Ne4 Bb4 20. Red1 Rd7 21. c4 Nf4 22. Qe3 Rad8 23. g3 Bxe4 24. Qxe4 Nh3+ 25. Kg2 Ng5 26. Qe3 Nxf3 27. Qxf3 h6 28. Rd3 e5 29. Rad1 exd4 30. Rxd4 Rxd4 31. Rxd4 Rxd4 32. Bxd4 Qd7 33. Bb6 f6 34. h4 Qe6 35. h5 Kf7 36. Qd3 f5 37. Qd8 Qe4+ 38. Kh2 Qf3 39. Qd7+ Be7 40. Bc5 Qxh5+ 41. Kg2 Qg5 42. Bxe7 Qxe7 43. Qxf5+ Kg8 44. Qxa5 Qe4+ 45. Kh2 Qf3 46. Qa8+ Kh7 47. Qxb7 Qxf2+ 48. Kh3 Qf1+ 49. Kg4 Qe2+ 50. Kf4 Qf2+ 51. Ke4 Qxg3 52. a5 c5 53. a6 h5 54. Kd5 h4 55. Kxc5 Qe3+ 56. Kb4 Qe1+ 57. Kb5 h3 58. a7 Qe5+ 59. c5 Qe2+ 60. Kb6 Qe6+ 61. Ka5 h2 62. a8=Q Qe5 63. Qe4+ 1-0


[Site "https://www.chess.com"]

[Event "Titled Tuesday Blitz August 08 Early 2023"]
[White "jumpingknight20"]
[Black "Pershina, Elena"]
[BlackFideId "24147516"]
[WhiteElo "2708"]
[BlackElo "2383"]
[Result "1-0"]
[Round "1"]
[TimeControl "180+1"]
[Date "2023.08.08"]
[WhiteClock "0:00:13"]
[BlackClock "0:00:12"]
[Board "128"]

1. e4 c5 2. c3 Nf6 3. e5 Nd5 4. d4 cxd4 5. cxd4 Nc6 6. Nf3 d6 7. Bc4 Nb6 8. Bb5 Bd7 9. Nc3 e6 10. exd6 Bxd6 11. O-O O-O 12. Bg5 Ne7 13. Bd3 Bc6 14. Rc1 f6 15. Bh4 Rc8 16. Re1 Qd7 17. Qe2 Bd5 18. Bb5 Nc6 19. Nxd5 exd5 20. Qe6+ Qxe6 21. Rxe6 Bf4 22. Rce1 Nc4 23. b3 Na3 24. Bd3 Nb4 25. Bf5 Nac2 26. Rd1 Rce8 27. Bg3 Bxg3 28. hxg3 Kf7 29. Rxe8 Rxe8 30. Rc1 Na3 31. Rc7+ Re7 32. Rc8 Nxa2 33. Bxh7 Nb4 34. Nh4 g5 35. Bg8+ Kg7 36. Nf5+ 1-0


[Site "https://www.chess.com"]

[Event "Titled Tuesday Blitz August 08 Early 2023"]
[White "EsmeraldasAnderson03"]
[Black "KarolKacprzak"]
[WhiteElo "2380"]
[BlackElo "2703"]
[Result "0-1"]
[Round "1"]
[TimeControl "180+1"]
[Date "2023.08.08"]
[WhiteClock "0:01:52"]
[BlackClock "0:02:12"]
[Board "129"]

1. d4 Nf6 2. Nf3 c5 3. d5 b5 4. a4 b4 5. c4 g6 6. b3 Bg7 7. Bb2 O-O 8. Nbd2 d6 9. Qc2 Bf5 10. e4 Nxe4 11. Bxg7 Nxd2 12. Qb2 Nxf3+ 13. gxf3 Re8 14. Be2 e5 15. dxe6 Rxe6 16. O-O-O Qg5+ 17. Rd2 Rxe2 0-1


[Site "https://www.chess.com"]

[Event "Titled Tuesday Blitz August 08 Early 2023"]
[White "profedechess93"]
[Black "Luong Phuong Hanh"]
[BlackFideId "12401013"]
[WhiteElo "2702"]
[BlackElo "2379"]
[Result "0-1"]
[Round "1"]
[TimeControl "180+1"]
[Date "2023.08.08"]
[WhiteClock "0:00:00"]
[BlackClock "0:00:06"]
[Board "130"]

1. e4 c5 2. Nf3 e6 3. d4 cxd4 4. Nxd4 a6 5. Nc3 Qc7 6. Be2 b5 7. O-O Bb7 8. Bf3 d6 9. a4 b4 10. Na2 Nd7 11. Re1 Qa5 12. e5 d5 13. Bh5 g6 14. Bg4 Ne7 15. Bxe6 fxe6 16. Nxe6 Nc5 17. Nxc5 Qxc5 18. Be3 Qa5 19. e6 Bg7 20. Bd2 Nc6 21. Qg4 O-O 22. e7 Rfe8 23. Nxb4 Nxe7 24. Qe6+ Kh8 25. Qd7 Qb6 26. a5 Qb5 27. Rxe7 Rxe7 28. Qxe7 Bxb2 29. Rb1 Re8 30. Qh4 Bg7 31. h3 Qxa5 32. Qg5 Qc5 33. Be3 Qc7 34. Nd3 Bc6 35. Nc5 Bb5 36. Nb3 Qxc2 37. Rc1 Qxb3 38. Rc7 Rg8 39. h4 Qd1+ 40. Kh2 Qh5 0-1


[Site "https://www.chess.com"]

[Event "Titled Tuesday Blitz August 08 Early 2023"]
[White "Castella Garcia, Fausto"]
[Black "Gubajdullin, Alexei"]
[WhiteFideId "3501922"]
[BlackFideId "4141202"]
[WhiteElo "2374"]
[BlackElo "2701"]
[Result "1-0"]
[Round "1"]
[TimeControl "180+1"]
[Date "2023.08.08"]
[WhiteClock "0:00:55"]
[BlackClock "0:00:27"]
[Board "131"]

1. e4 g6 2. d4 Bg7 3. Nc3 d6 4. f4 c6 5. Nf3 Qb6 6. a4 Bg4 7. a5 Qc7 8. Bc4 Bxf3 9. Qxf3 Bxd4 10. Be3 Bxe3 11. Qxe3 Nd7 12. O-O Ngf6 13. f5 Ne5 14. Bb3 O-O 15. fxg6 hxg6 16. Qh6 b6 17. Rf4 Nh5 18. Rh4 e6 19. Rxh5 gxh5 20. Rf1 Qe7 21. Rf6 d5 22. Qg5+ Ng6 23. Rxg6+ fxg6 24. Qxe7 Rf7 25. Qxe6 Rf8 26. exd5 Kg7 27. Qe5+ Kh6 28. h4 cxd5 29. Bxd5 Rf1+ 30. Kh2 R1f4 31. Qg5+ Kg7 32. Ne4 R8f5 33. Qe7+ Kh6 34. Bg8 1-0


[Site "https://www.chess.com"]

[Event "Titled Tuesday Blitz August 08 Early 2023"]
[White "Akobian, Varuzhan"]
[Black "Qiao, Cindy"]
[WhiteFideId "13300580"]
[BlackFideId "2620243"]
[WhiteElo "2701"]
[BlackElo "2374"]
[Result "1-0"]
[Round "1"]
[TimeControl "180+1"]
[Date "2023.08.08"]
[WhiteClock "0:01:36"]
[BlackClock "0:00:03"]
[Board "132"]

1. d4 d5 2. c4 e6 3. Nc3 Nf6 4. cxd5 exd5 5. Bg5 Nbd7 6. e3 c6 7. Bd3 Be7 8. Qc2 Nh5 9. Bxe7 Qxe7 10. Nge2 g6 11. O-O O-O 12. Rab1 Nb6 13. b4 a6 14. a4 Be6 15. Rfc1 Rfc8 16. h3 Ng7 17. Nf4 Bf5 18. Nce2 Bxd3 19. Nxd3 Nc4 20. Qc3 b5 21. a5 Ne6 22. Nef4 Ng5 23. Nc5 Ne4 24. Nxe4 Qxe4 25. Nd3 Rf8 26. Nc5 Qe7 27. Re1 f5 28. Qd3 Qg5 29. Ne6 Qe7 30. Nxf8 Rxf8 31. Re2 Qg5 32. f3 Rd8 33. e4 f4 34. exd5 Rxd5 35. Qe4 Ne3 36. Rc1 Rd6 37. Rxc6 Rxc6 38. Qxc6 Qf5 39. Qe4 Qg5 40. Qe8+ Kg7 41. Qe5+ Qxe5 42. dxe5 Kf7 43. Rxe3 fxe3 44. f4 Ke6 45. Kf1 1-0


[Site "https://www.chess.com"]

[Event "Titled Tuesday Blitz August 08 Early 2023"]
[White "Gu, Xiaobing"]
[Black "Morefield, Jason"]
[WhiteFideId "8602611"]
[BlackFideId "30920825"]
[WhiteElo "2374"]
[BlackElo "2700"]
[Result "0-1"]
[Round "1"]
[TimeControl "180+1"]
[Date "2023.08.08"]
[WhiteClock "0:00:22"]
[BlackClock "0:00:18"]
[Board "133"]

1. e4 c5 2. Nf3 d6 3. d4 cxd4 4. Nxd4 Nf6 5. Nc3 Nc6 6. Bg5 e6 7. Qd2 a6 8. O-O-O Bd7 9. f3 Nxd4 10. Qxd4 Be7 11. g4 Qc7 12. Kb1 b5 13. Bd3 O-O 14. h4 Rfc8 15. h5 b4 16. Ne2 h6 17. Bh4 e5 18. Qe3 d5 19. Bxf6 Bxf6 20. exd5 a5 21. Qe4 a4 22. Ng3 a3 23. d6 Qxd6 24. Bb5 Qxd1+ 25. Rxd1 Bxb5 26. b3 Rab8 27. Nf5 Rd8 28. Nd6 Rd7 29. Qe1 Bc6 30. Rd3 Rbd8 31. Nc4 Rxd3 32. cxd3 Rxd3 33. Qxb4 Bxf3 34. Qb8+ Rd8 35. Qb6 Be4+ 36. Kc1 Bg5+ 37. Ne3 Rd3 38. Qb8+ Kh7 39. Qxe5 Rxe3 40. Kd1 Bf3+ 41. Kd2 Rxe5+ 42. Kd3 Re2 43. b4 Rxa2 44. b5 Rb2 45. Kc4 a2 46. Kc5 a1=Q 0-1


[Site "https://www.chess.com"]

[Event "Titled Tuesday Blitz August 08 Early 2023"]
[White "Korchmar, Vasiliy"]
[Black "Nosacheva, Mariya"]
[WhiteFideId "24131750"]
[BlackFideId "34111422"]
[WhiteElo "2700"]
[BlackElo "2374"]
[Result "1-0"]
[Round "1"]
[TimeControl "180+1"]
[Date "2023.08.08"]
[WhiteClock "0:01:09"]
[BlackClock "0:01:26"]
[Board "134"]

1. e4 c5 2. d4 cxd4 3. Qxd4 Nc6 4. Qd3 g6 5. Nc3 Bg7 6. Nf3 d6 7. Be2 Nf6 8. O-O O-O 9. Nd5 Nxd5 10. exd5 Bf5 11. Qd1 Nb4 12. c3 Nc2 13. g4 Nxa1 14. gxf5 gxf5 15. Be3 Qa5 16. Qxa1 Qxd5 17. Rd1 Qe4 18. Qc1 f4 19. Ng5 Qg6 20. Bxf4 h6 21. Bd3 f5 22. Kh1 hxg5 23. Bxg5 Qh5 24. Qe3 Qxd1+ 25. Kg2 Qg4+ 26. Kf1 f4 27. Qe4 Qxg5 28. Qh7+ Kf7 29. Bc4+ d5 30. h4 Qe5 31. Bd3 Qf6 32. Qh5+ Kg8 33. Bh7+ Kh8 34. Bg6+ 1-0


[Site "https://www.chess.com"]

[Event "Titled Tuesday Blitz August 08 Early 2023"]
[White "Melikhov, Evgeny V."]
[Black "Agibileg, Uurtsaikh"]
[WhiteFideId "4122046"]
[BlackFideId "4901606"]
[WhiteElo "2372"]
[BlackElo "2699"]
[Result "0-1"]
[Round "1"]
[TimeControl "180+1"]
[Date "2023.08.08"]
[WhiteClock "0:01:04"]
[BlackClock "0:00:40"]
[Board "135"]

1. d4 Nf6 2. c4 g6 3. Nc3 Bg7 4. e4 d6 5. f3 O-O 6. Be3 a6 7. Bd3 c5 8. Nge2 Nc6 9. d5 Ne5 10. O-O b5 11. b3 Nfd7 12. Rc1 Nb6 13. cxb5 Nxd3 14. Qxd3 axb5 15. Rc2 b4 16. Nb1 f5 17. Qd2 fxe4 18. fxe4 Rxf1+ 19. Kxf1 Ba6 20. Kg1 Bxe2 21. Qxe2 Nd7 22. Nd2 Bc3 23. Nc4 Nf6 24. Bg5 Qf8 25. Qf3 Bd4+ 26. Kh1 Nxe4 27. Bh4 g5 28. Be1 Qxf3 29. gxf3 Nf6 30. Kg2 Nxd5 31. Bd2 h6 32. h4 gxh4 33. Bxh6 Kf7 34. Kh3 Nc3 35. Kxh4 Rxa2 36. Rxa2 Nxa2 37. Kg4 d5 38. Nb6 e6 39. Na4 Nc3 40. Nxc3 Bxc3 41. f4 c4 0-1


[Site "https://www.chess.com"]

[Event "Titled Tuesday Blitz August 08 Early 2023"]
[White "Csonka, Balazs"]
[Black "Ventura Bolet, Maxim"]
[WhiteFideId "742910"]
[BlackFideId "22238824"]
[WhiteElo "2697"]
[BlackElo "2372"]
[Result "1-0"]
[Round "1"]
[TimeControl "180+1"]
[Date "2023.08.08"]
[WhiteClock "0:00:35"]
[BlackClock "0:00:05"]
[Board "136"]

1. c4 g6 2. g3 Bg7 3. Bg2 e5 4. Nc3 Ne7 5. Nf3 O-O 6. O-O c6 7. d4 d6 8. h3 a5 9. e4 Na6 10. Be3 Be6 11. b3 h6 12. Qd2 Kh7 13. Rad1 Qc8 14. Kh2 f5 15. dxe5 dxe5 16. Bb6 fxe4 17. Nxe4 Rxf3 18. Bxf3 Bxh3 19. Bg2 Bxg2 20. Kxg2 Nf5 21. Qd7 Qf8 22. Qxb7 Nd4 23. Rxd4 exd4 24. Bxd4 Nb4 25. Nf6+ Kh8 26. Rh1 Rd8 27. Rxh6+ Bxh6 28. Qh7# 1-0


[Site "https://www.chess.com"]